 Dungeon Crawl Stone Soup version 0.31-a0-234-gad7ace16ef (webtiles) character file.

Game seed: 2520636362552644728

119 qw the Shooter (level 4, 0/36 HPs)
             Began as a Minotaur Hexslinger on July 9, 2023.
             Slain by Terence
             ... wielding a +0 mace
              (4 damage)
             ... on level 3 of the Dungeon.
             The game lasted 00:00:55 (1593 turns).

qw the Shooter (Minotaur Hexslinger)                Turns: 1593, Time: 00:00:55

Health: 0/36       AC:  6    Str: 12    XL:     4   Next: 73%
Magic:  4/4        EV: 11    Int: 10    God:
Gold:   166        SH:  5    Dex: 15    Spells: 4/5 levels left

rFire   . . .        Y - +1 sling
rCold   . . .        (no shield)
rNeg    . . .        d - +0 ring mail
rPois   .            (helmet restricted)
rElec   .            h - +0 cloak
rCorr   .            (no gloves)
SInv    .            (no boots)
Will    .....        e - amulet of reflection
Stlth   +            (no ring)
HPRegen 0.26/turn    (no ring)
MPRegen 0.09/turn

%: reflection
@: no status effects
A: horns 2, retaliatory headbutt
a: no special abilities


You were on level 3 of the Dungeon.
You visited 1 branch of the dungeon, and saw 3 of its levels.

You collected 166 gold pieces.


Innate Abilities, Weirdness & Mutations

You have a pair of horns on your head.
You reflexively headbutt those who attack you in melee.


   Skills:
 + Level 2.3 Fighting
 - Level 5.0 Ranged Weapons
 - Level 1.2 Armour
 - Level 2.1 Dodging
 - Level 1.0 Spellcasting
 - Level 2.0 Hexes


You had 4 spell levels left.
You knew the following spells:

 Your Spells              Type           Power      Damage    Failure   Level
a - Slow                  Hex            16%        N/A       34%         1

Your spell library contained the following spells:

 Spells                   Type           Power      Damage    Failure   Level
 Inner Flame              Hex/Fire       2%         N/A       83%         3
 Portal Projectile        Hex/Tloc       4%         N/A       83%         3
 Cause Fear               Hex            2%         N/A       98%         4

Inventory:

Hand Weapons
 Y - a +1 sling (weapon)
Armour
 d - a +0 ring mail (worn)
 h - a +0 cloak (worn)
Jewellery
 e - an amulet of reflection (around neck)
Scrolls
 c - a scroll of identify
 k - a scroll of torment {unknown}
Potions
 a - 2 potions of curing {unknown}
 b - a potion of mutation {unknown}
 f - 3 potions of might
 g - a potion of haste {unknown}
 i - a potion of heal wounds {unknown}
 j - a potion of enlightenment {unknown}

Dungeon Overview and Level Annotations

Branches:
Dungeon (3/15)

Altars:

Annotations:
D:2 1 runed translucent door, Crazy Yiuf
D:3 Terence


Message History

You shoot a sling bullet.
The sling bullet completely misses Terence.
The sling bullet hits the jackal.
You kill the jackal!
You shoot a sling bullet. The sling bullet hits the jackal.
You kill the jackal!
A jackal comes into view.
Terence drinks a potion.
Terence goes berserk!
You shoot a sling bullet.
The sling bullet closely misses the jackal.
The jackal barks!
The jackal bites you but does no damage.
You hear a shout!
You shoot a sling bullet. The sling bullet hits the jackal!
You kill the jackal!
Terence hits you with a +0 mace!
You shoot a sling bullet. The sling bullet barely misses Terence.
An orc comes into view. It is wielding a +0 war axe.
You block Terence's attack.
You shoot a sling bullet.
The sling bullet hits Terence but does no damage.
Terence closely misses you. Terence hits you with a +0 mace!
The jackal bites you but does no damage.
You shoot a sling bullet. The sling bullet hits Terence.
Terence is lightly wounded.
Terence misses you. You furiously retaliate!
You headbutt Terence! The jackal barely misses you. You furiously retaliate!
You headbutt the jackal, but do no damage.
Terence misses you. The jackal closely misses you.
You shoot a sling bullet.
The sling bullet hits Terence but does no damage.
Terence is heavily wounded.
Terence barely misses you. The jackal bites you. Terence closely misses you.
You furiously retaliate!
You headbutt Terence, but do no damage. You block the jackal's attack.
You shoot a sling bullet. The sling bullet hits Terence.
Terence is heavily wounded.
Terence hits you with a +0 mace! The jackal barely misses you.
Terence hits you with a +0 mace.
You die...

# #.# ... #.#
.... #.# ....##
#.# ...... #.#
......# #.#
.....o. #<#
......h########
#)# #@@.%.....
#.. #..#######
### # #..# .###
#.#..## ....
#.#.#.## ####
..###.#
###.#.## #..##
#..#


You could see Terence (berserk), an orc and a jackal.

Vanquished Creatures
  3 gnolls (D:2)
  A worm (D:3)
  3 dart slugs
  8 orcs (D:3)
  8 endoplasms
  5 giant cockroaches
  5 goblins
  5 hobgoblins
  5 jackals
  A quokka (D:1)
  6 ball pythons
  9 bats
  2 frilled lizards
  5 rats
66 creatures vanquished.

Notes
Turn   | Place    | Note
-------+----------+-------------------------------------------
     0 | D:1      | qw the Minotaur Hexslinger began the quest for the Orb.
     0 | D:1      | Reached XP level 1. HP: 16/16 MP: 1/1
     0 | D:1      | 0 ||| qw: Version: 0.3-a-51-g015441d
     0 | D:1      | 0 ||| qw: Game counter: 4213
     0 | D:1      | 0 ||| qw: Melee chars always use a shield: true
     0 | D:1      | 0 ||| qw: God list: Okawaru
     0 | D:1      | 0 ||| qw: Allow faded altars: false
     0 | D:1      | 0 ||| qw: Do Orc after clearing Dungeon:15 true
     0 | D:1      | 0 ||| qw: Do second Lair branch before Depths: true
     0 | D:1      | 0 ||| qw: Lair rune preference: random
     0 | D:1      | 0 ||| qw: Goals: Normal
     0 | D:1      | 0 ||| PLANNING D:1-11
   101 | D:1      | Reached skill level 3 in Ranged Weapons
   108 | D:1      | Reached XP level 2. HP: 23/23 MP: 2/2
   394 | D:1      | Reached XP level 3. HP: 29/29 MP: 3/3
   469 | D:1      | 469 ||| UPGRADING to +0 ring mail.
   479 | D:1      | 479 ||| DROPPING +0 robe.
   480 | D:1      | 480 ||| UPGRADING to +0 cloak.
   485 | D:1      | 485 ||| DROPPING ring of flight.
   486 | D:1      | 486 ||| READING scroll labelled GEKUNEPSEZU.
   487 | D:1      | 487 ||| DROPPING scroll of poison.
   517 | D:2      | Reached skill level 4 in Ranged Weapons
   521 | D:2      | HP: 4/29 [gnoll/+0 whip (6)]
   526 | D:2      | Reached skill level 1 in Armour
   529 | D:2      | 529 ||| FLEEEEING.
   530 | D:2      | 530 ||| FLEEEEING.
   531 | D:2      | 531 ||| STAIRDANCE
   648 | D:2      | Reached XP level 4. HP: 35/36 MP: 4/4
   828 | D:2      | Found a runed translucent door.
   829 | D:2      | Noticed Crazy Yiuf
  1133 | D:2      | 1133 ||| READING scroll labelled NEOSTR MOMOD.
  1134 | D:2      | 1134 ||| READING scroll labelled PABEABY WAV.
  1135 | D:2      | 1135 ||| READING scroll labelled YCUCITR SEWK.
  1136 | D:2      | 1136 ||| DRINKING 4 glowing cyan potions.
  1372 | D:3      | Reached skill level 5 in Ranged Weapons
  1383 | D:3      | 1383 ||| FLEEEEING.
  1400 | D:3      | 1400 ||| FLEEEEING.
  1401 | D:3      | 1401 ||| FLEEEEING.
  1404 | D:3      | 1404 ||| FLEEEEING.
  1405 | D:3      | 1405 ||| FLEEEEING.
  1406 | D:3      | 1406 ||| FLEEEEING.
  1407 | D:3      | 1407 ||| FLEEEEING.
  1408 | D:3      | 1408 ||| FLEEEEING.
  1411 | D:3      | 1411 ||| FLEEEEING.
  1412 | D:3      | 1412 ||| FLEEEEING.
  1413 | D:3      | 1413 ||| FLEEEEING.
  1414 | D:3      | 1414 ||| FLEEEEING.
  1415 | D:3      | 1415 ||| STAIRDANCE
  1454 | D:2      | 1454 ||| UPGRADING to amulet of reflection.
  1583 | D:3      | Noticed Terence
  1593 | D:3      | HP: 4/36 [Terence/+0 mace (11)]
  1593 | D:3      | Slain by Terence

Levels and vault maps discovered:
D:1:      enne_arrival_octagon_isle, layout_basic
D:2:      layout_rooms, uniq_crazy_yiuf_cottage
D:3:      layout_loops_ring, ebering_ecumenical_altar_webs, uniq_terence

Skill      XL: |  1  2  3  4 |
---------------+-------------+-----
Ranged Weapons | 3 4 5 |  5.0
Fighting       | 2 |  2.3
Armour         | 1 |  1.2
Dodging        | |  2.1
Spellcasting   | |  1.0
Hexes          | |  2.0

Action                     |  1- 3 |  4- 6 || total
---------------------------+-------+-------++-------
   Fire: Sling             |   109 |    94 ||   203
    Use: Scroll            |     1 |     3 ||     4
         Potion            |       |     1 ||     1
 Armour: Robe              |    10 |       ||    10
         Ring mail         |    13 |     9 ||    22
  Dodge: Dodged            |    42 |    23 ||    65
  Block: Other             |       |     3 ||     3

Table legend:
 A = Non-vault XP
 B = Vault XP
 C = Vault XP percentage of total XP
 D = Non-vault monster count
 E = Vault monster count
 F = Vault count percentage of total count
                 A         B        C        D         E       F
            +---------+---------+-------+---------+---------+-------
      Total |     170 |       0 |   0.0 |      66 |       0 |   0.0
            +---------+---------+-------+---------+---------+-------
        D:1 |      42 |       0 |   0.0 |      25 |       0 |   0.0
        D:2 |      77 |       0 |   0.0 |      19 |       0 |   0.0
        D:3 |      51 |       0 |   0.0 |      22 |       0 |   0.0
            +---------+---------+-------+---------+---------+-------
